[Event "Paracin Open 2022"]
[Site "Paracin"]
[Date "2022.07.11"]
[Round "4.1"]
[White "Neelash Saha"]
[Black "Predke, Alexandr"]
[Result "1/2-1/2"]
[ECO "E11"]
[WhiteElo "2446"]
[BlackElo "2688"]
[Annotator "ChessBase"]
[PlyCount "114"]
[EventDate "2022.07.08"]
[EventCountry "SRB"]
[SourceTitle "playchess.com"]
[Source "ChessBase"]
[SourceQuality "1"]
[TimeControl "5400+30"]

1. d4 Nf6 2. c4 e6 3. g3 d5 4. Nf3 Bb4+ 5. Bd2 Be7 6. Bg2 c6 7. O-O O-O 8. Qc2 b6 9. Rd1 Bb7 10. a4 a5 11. cxd5 cxd5 12. Na3 Nc6 13. Nb5 Rc8 14. Qb3 Ne4 15. Be1 Nd6 16. e3 Nxb5 17. axb5 Nb4 18. Rdc1 Qe8 19. Rxc8 Bxc8 20. Bxb4 Bxb4 21. Ne5 Bd7 22. Nxd7 Qxd7 23. Bf1 Rc8 24. Qd1 Qc7 25. Bd3 g6 26. Kg2 e5 27. dxe5 Qxe5 28. Rc1 Bc5 29. Rc2 Rd8 30. Qf3 Kg7 31. Rd2 Rd6 32. Bb1 d4 33. exd4 Bxd4 34. Qf4 Qxf4 35. gxf4 f5 36. Kf3 Kf6 37. Ba2 Ke7 38. Bg8 a4 39. Bc4 Bc5 40. Rxd6 Kxd6 41. Be2 Bd4 42. Bd1 Kc5 43. Bxa4 Kc4 44. Bd1 Bxb2 45. Be2+ Kd4 46. h3 Ba3 47. Bf1 Be7 48. Be2 Kc3 49. Bf1 h6 50. Be2 Bc5 51. Bf1 Be7 52. Be2 Bh4 53. Bf1 Bf6 54. Be2 Bd4 55. Bf1 g5 56. fxg5 hxg5 57. Be2 Kd2 1/2-1/2

[Event "Paracin Open 2022"]
[Site "Paracin"]
[Date "2022.07.11"]
[Round "4.2"]
[White "Praggnanandhaa R"]
[Black "Nogerbek, Kazybek"]
[Result "1-0"]
[ECO "B30"]
[WhiteElo "2648"]
[BlackElo "2437"]
[Annotator "ChessBase"]
[PlyCount "93"]
[EventDate "2022.07.08"]
[EventCountry "SRB"]
[SourceTitle "playchess.com"]
[Source "ChessBase"]
[SourceQuality "1"]
[TimeControl "5400+30"]

1. e4 c5 2. Nf3 Nc6 3. Bb5 e6 4. O-O Nge7 5. d4 cxd4 6. Nxd4 b6 7. Be2 a6 8. c4 Bb7 9. Be3 Ng6 10. Nb3 Rc8 11. Nc3 Nce5 12. Qd4 Qc7 13. Rfd1 d6 14. Rac1 Nd7 15. f3 Nge5 16. Qd2 Nf6 17. Na4 Ned7 18. Bf4 e5 19. Be3 Be7 20. Na1 O-O 21. Nc2 Nc5 22. Nc3 a5 23. Bf2 Bxe4 24. fxe4 Ncxe4 25. Qe1 Nxf2 26. Qxf2 d5 27. Nxd5 Nxd5 28. cxd5 Bc5 29. Ne3 f5 30. Rxc5 Qxc5 31. Nc4 e4 32. d6 Rfd8 33. Qxc5 Rxc5 34. a4 Kf7 35. Nxb6 Rc2 36. Bb5 f4 37. d7 g5 38. Nc4 e3 39. Nxa5 Rd2 40. Re1 Kf6 41. Nb7 R8xd7 42. Bxd7 Rxd7 43. Nc5 Rd5 44. b4 Ke5 45. a5 Rd2 46. a6 Ra2 47. b5 1-0

[Event "Paracin Open 2022"]
[Site "Paracin"]
[Date "2022.07.11"]
[Round "4.3"]
[White "Makarian, Rudik"]
[Black "Urazayev, Arystanbek"]
[Result "1/2-1/2"]
[ECO "A03"]
[WhiteElo "2533"]
[BlackElo "2430"]
[Annotator "ChessBase"]
[PlyCount "206"]
[EventDate "2022.07.08"]
[EventCountry "SRB"]
[SourceTitle "playchess.com"]
[Source "ChessBase"]
[SourceQuality "1"]
[TimeControl "5400+30"]

1. d3 d5 2. f4 Bf5 3. Nf3 e6 4. g3 h6 5. Bg2 Nf6 6. O-O Be7 7. e3 O-O 8. Qe2 c5 9. Ne5 Bh7 10. Nc3 Nfd7 11. Nxd7 Nxd7 12. a4 a6 13. e4 d4 14. Nd1 b5 15. b3 c4 16. dxc4 bxc4 17. Qxc4 Rc8 18. Qe2 Qc7 19. Ra2 d3 20. Qxd3 Nc5 21. Qc4 Qd6 22. Ba3 Qb6 23. Qd4 e5 24. fxe5 Rfd8 25. Qf2 Qe6 26. Ne3 Nxe4 27. Bxe4 Bxe4 28. Bxe7 Qxe7 29. Qf4 Ba8 30. c4 Qb7 31. Nd5 Rxd5 32. cxd5 Qxd5 33. Rd2 Qxb3 34. h4 Bd5 35. Rfd1 Be6 36. Rd8+ Kh7 37. R8d3 Qb7 38. Rd4 Qb3 39. h5 Qb6 40. Qe4+ Kg8 41. Kh2 Qa5 42. R1d2 Re8 43. Rd6 Bb3 44. Qd3 Qxa4 45. Rxa6 Qc4 46. Qxc4 Bxc4 47. Ra5 Be6 48. Rd4 Rb8 49. g4 Kh7 50. Kg3 g6 51. Kh4 gxh5 52. Kxh5 Rb1 53. g5 hxg5 54. Kxg5 Kg7 55. Rd3 Rg1+ 56. Kf4 Rg4+ 57. Kf3 Kg6 58. Rd8 Kf5 59. Rh8 Rb4 60. Ke3 Re4+ 61. Kd3 Rf4 62. Rh5+ Kg6 63. Rh1 Kf5 64. Re1 Bc4+ 65. Kc3 Be6 66. Rc5 Rf3+ 67. Kb4 Kg6 68. Kb5 Rd3 69. Rf1 Rd2 70. Kc6 Bd7+ 71. Kc7 Be6 72. Rc3 Kg7 73. Kc6 Kf8 74. Ra1 Re2 75. Ra5 Ke7 76. Rcc5 Kf8 77. Ra8+ Ke7 78. Rca5 Rc2+ 79. Kb6 Bd7 80. Rc5 Rb2+ 81. Kc7 Be6 82. Rb8 Rd2 83. Rb7 Kf8 84. Ra5 Kg7 85. Rb1 Kf8 86. Kc6 Rc2+ 87. Kd6 Rd2+ 88. Kc5 Kg7 89. Rg1+ Kf8 90. Kb4 Rd8 91. Kc3 Rb8 92. Ra4 Rb3+ 93. Kd4 Rb8 94. Ke4 Ke7 95. Rga1 Rb2 96. Ra7+ Kf8 97. Ra8+ Ke7 98. R8a7+ Kf8 99. Rh1 Rb4+ 100. Kd3 Kg7 101. Ra8 Rg4 102. Rhh8 Bf5+ 103. Kd2 Rg2+ 1/2-1/2

[Event "Paracin Open 2022"]
[Site "Paracin"]
[Date "2022.07.11"]
[Round "4.4"]
[White "Koustav Chatterjee"]
[Black "Sharan, Rao"]
[Result "1-0"]
[ECO "D36"]
[WhiteElo "2485"]
[BlackElo "2342"]
[Annotator "ChessBase"]
[PlyCount "61"]
[EventDate "2022.07.08"]
[EventCountry "SRB"]
[SourceTitle "playchess.com"]
[Source "ChessBase"]
[SourceQuality "1"]
[TimeControl "5400+30"]

1. d4 d5 2. c4 e6 3. Nc3 Nf6 4. cxd5 exd5 5. Bg5 Nbd7 6. e3 c6 7. Bd3 Bd6 8. Nf3 h6 9. Bh4 O-O 10. O-O Re8 11. Qc2 Nf8 12. h3 a6 13. a3 N8d7 14. Rae1 Qc7 15. e4 g5 16. e5 gxh4 17. exd6 Qxd6 18. Qc1 Kg7 19. Nxh4 Nf8 20. Rxe8 Nxe8 21. Re1 Bd7 22. Re5 Qf6 23. Rh5 Nd6 24. Ne2 Ne6 25. Nf3 Rd8 26. Ne5 Nf8 27. Ng3 Be6 28. Rf5 Qxf5 29. Bxf5 Nxf5 30. Ng4 Rd6 31. Qf4 1-0

[Event "Paracin Open 2022"]
[Site "Paracin"]
[Date "2022.07.11"]
[Round "4.5"]
[White "Samant Aditya S"]
[Black "Sturt, Raven"]
[Result "1-0"]
[ECO "B77"]
[WhiteElo "2431"]
[BlackElo "2457"]
[Annotator "ChessBase"]
[PlyCount "123"]
[EventDate "2022.07.08"]
[EventCountry "SRB"]
[SourceTitle "playchess.com"]
[Source "ChessBase"]
[SourceQuality "1"]
[TimeControl "5400+30"]

1. e4 c5 2. Nf3 d6 3. d4 cxd4 4. Nxd4 Nf6 5. Nc3 g6 6. Be3 Bg7 7. f3 O-O 8. Bc4 Nc6 9. Qd2 Nxd4 10. Bxd4 Be6 11. Bb3 Qa5 12. O-O-O b5 13. Kb1 b4 14. Nd5 Bxd5 15. exd5 Qb5 16. Qd3 Qxd3 17. Rxd3 Nd7 18. Re1 Ne5 19. Rdd1 g5 20. c3 bxc3 21. Bxc3 a5 22. Re4 Rfc8 23. Ra4 Rc5 24. Bd4 Rb5 25. Rc1 Nd3 26. Rc7 Bxd4 27. Rxd4 Nc5 28. Bc4 Rb4 29. a3 Rb6 30. Rxe7 Rab8 31. Rd2 Na4 32. b3 Nc5 33. Ka2 Nxb3 34. Bxb3 Rxb3 35. Ra7 R3b5 36. Ra6 Rd8 37. a4 Rc5 38. Rc6 Rc8 39. Rxd6 Rc2+ 40. Rxc2 Rxc2+ 41. Kb3 Rxg2 42. h4 g4 43. fxg4 Rxg4 44. Ra6 Rb4+ 45. Kc3 Kf8 46. Rxa5 Rxh4 47. Ra7 Ke8 48. a5 Ra4 49. a6 Kd8 50. d6 h5 51. Ra8+ Kd7 52. a7 Kxd6 53. Rd8+ Ke5 54. a8=Q Rxa8 55. Rxa8 Kf4 56. Rh8 Kg4 57. Kd3 h4 58. Ke3 Kg3 59. Rg8+ Kh2 60. Kf2 f5 61. Rh8 Kh3 62. Kf3 1-0

[Event "Paracin Open 2022"]
[Site "Paracin"]
[Date "2022.07.11"]
[Round "4.6"]
[White "Harshavardhan G B"]
[Black "Pranav Vijay"]
[Result "1/2-1/2"]
[ECO "C73"]
[WhiteElo "2397"]
[BlackElo "2265"]
[Annotator "ChessBase"]
[PlyCount "150"]
[EventDate "2022.07.08"]
[EventCountry "SRB"]
[SourceTitle "playchess.com"]
[Source "ChessBase"]
[SourceQuality "1"]
[TimeControl "5400+30"]

1. e4 e5 2. Nf3 Nc6 3. Bb5 a6 4. Ba4 d6 5. Bxc6+ bxc6 6. d4 f6 7. Be3 Ne7 8. h4 Bg4 9. Qd3 d5 10. dxe5 Bxf3 11. gxf3 fxe5 12. Nd2 Qb8 13. O-O-O Qb5 14. Nb3 d4 15. c4 Qa4 16. Kb1 c5 17. Bd2 Nc6 18. Qc2 Be7 19. Nxd4 Qxc2+ 20. Nxc2 O-O 21. f4 exf4 22. Bc3 Bf6 23. Rd5 Bxc3 24. bxc3 Rab8+ 25. Ka1 Rfd8 26. Rhd1 Rxd5 27. Rd3 Rd4 28. Rxd4 Rc8 29. Rd5 Rd8 30. Rxc5 Rd2 31. Kb1 Ne7 32. f3 c6 33. Nd4 Rf2 34. a4 Kf7 35. Ra5 g6 36. Rxa6 h5 37. Ra7 Ke8 38. a5 c5 39. Nb3 Rxf3 40. a6 Rxc3 41. Rxe7+ Kxe7 42. a7 Rxb3+ 43. Ka2 f3 44. a8=Q f2 45. Qa7+ Ke6 46. Kxb3 f1=Q 47. Qb6+ Kd7 48. Qb7+ Ke8 49. Qc8+ Kf7 50. Qc7+ Ke6 51. Qc6+ Kf7 52. Qd5+ Kg7 53. Ka4 Qb1 54. Ka5 Qb4+ 55. Ka6 Kf6 56. Qd6+ Kf7 57. Qd7+ Kf6 58. Qd5 Ke7 59. e5 Qa4+ 60. Kb6 Qb4+ 61. Ka7 Qa4+ 62. Kb8 Qd7 63. Qxc5+ Ke6 64. Qa5 Qc6 65. Qc7 Qxc7+ 66. Kxc7 g5 67. hxg5 Kxe5 68. g6 Kf6 69. c5 h4 70. c6 h3 71. Kb8 h2 72. c7 h1=Q 73. c8=Q Qb1+ 74. Qb7 Qxb7+ 75. Kxb7 Kxg6 1/2-1/2

[Event "Paracin Open 2022"]
[Site "Paracin"]
[Date "2022.07.11"]
[Round "4.7"]
[White "Kushagra Mohan"]
[Black "Arjun Kalyan"]
[Result "0-1"]
[ECO "C45"]
[WhiteElo "2359"]
[BlackElo "2499"]
[Annotator "ChessBase"]
[PlyCount "184"]
[EventDate "2022.07.08"]
[EventCountry "SRB"]
[SourceTitle "playchess.com"]
[Source "ChessBase"]
[SourceQuality "1"]
[TimeControl "5400+30"]

1. e4 e5 2. Nf3 Nc6 3. d4 exd4 4. Nxd4 Nf6 5. Nxc6 bxc6 6. e5 Qe7 7. Qe2 Nd5 8. c4 Ba6 9. Nd2 g6 10. Nf3 Qb4+ 11. Kd1 Ne7 12. Qc2 c5 13. Bd3 Bg7 14. Bd2 Qb6 15. Bc3 O-O 16. Re1 Bb7 17. Be4 d5 18. exd6 Qxd6+ 19. Kc1 Bxc3 20. Qxc3 Bxe4 21. Rxe4 Nc6 22. Qd2 Qf6 23. Qg5 Qg7 24. Qxc5 Rab8 25. Ne5 Rb6 26. Rb1 Re8 27. f4 Nb4 28. Re3 Qh6 29. a3 Qxf4 30. axb4 Rbe6 31. g3 Qf1+ 32. Kc2 Qf5+ 33. Rd3 Rxe5 34. Qd4 Re4 35. Qc3 Re3 36. Rbd1 Rd8 37. b5 h5 38. R1d2 Qe4 39. Rd1 Kh7 40. R1d2 Rd7 41. c5 Qa4+ 42. b3 Qa2+ 43. Kc1 Re1+ 44. Rd1 Rxd3 45. Qxd3 Qa3+ 46. Kb1 Rxd1+ 47. Qxd1 Qxc5 48. Qe2 Kg7 49. Qb2+ Kf8 50. Qe2 Kg7 51. Qb2+ f6 52. Qe2 Qe5 53. Qc4 g5 54. Ka2 h4 55. Qd3 Kh6 56. Qf3 Kg6 57. Qd3+ f5 58. Qd7 hxg3 59. hxg3 Qe2+ 60. Ka3 Qe5 61. Ka2 g4 62. Qd3 Qc5 63. Qe2 Kf6 64. Qd2 Ke7 65. Qd3 Qe5 66. b4 Qe4 67. Qc3 Qd5+ 68. Kb2 Kd7 69. Qg7+ Kc8 70. Qf8+ Kb7 71. Qe8 Qg2+ 72. Kc1 Qe4 73. Qd7 Kb6 74. Qc8 Kxb5 75. Qb8+ Kc6 76. Qa8+ Kd7 77. Qf8 a6 78. Kd2 Qe6 79. Kc3 Qc6+ 80. Kb3 Qd5+ 81. Kc3 Qe5+ 82. Kc2 Qe2+ 83. Kc3 Qe5+ 84. Kc2 Qe4+ 85. Kc3 Kc6 86. Qa8+ Kb6 87. Qb8+ Qb7 88. Qf8 Qf3+ 89. Kc4 Kb7 90. Qf7 Qe4+ 91. Kc3 f4 92. gxf4 g3 0-1

[Event "Paracin Open 2022"]
[Site "Paracin"]
[Date "2022.07.11"]
[Round "4.8"]
[White "Suleymenov, Alisher"]
[Black "Taspinar, Yanki"]
[Result "1-0"]
[ECO "D31"]
[WhiteElo "2467"]
[BlackElo "2311"]
[Annotator "ChessBase"]
[PlyCount "104"]
[EventDate "2022.07.08"]
[EventCountry "SRB"]
[SourceTitle "playchess.com"]
[Source "ChessBase"]
[SourceQuality "1"]
[TimeControl "5400+30"]

1. d4 d5 2. c4 e6 3. Nc3 c6 4. e4 dxe4 5. Nxe4 Bb4+ 6. Nc3 c5 7. Nf3 Nf6 8. Be2 Nc6 9. Be3 O-O 10. dxc5 Qxd1+ 11. Rxd1 Ng4 12. Bd2 Bxc5 13. Ne4 Be7 14. Bc3 Nf6 15. Nxf6+ gxf6 16. Bd3 e5 17. h3 Be6 18. b3 a5 19. a4 Rad8 20. Be4 Bb4 21. Bxb4 Nxb4 22. Ke2 Na2 23. Ke3 f5 24. Rxd8 f4+ 25. Ke2 Rxd8 26. Nxe5 Nc3+ 27. Kf3 f6 28. Ng4 Nxe4 29. Kxe4 f5+ 30. Ke5 fxg4 31. Kxe6 g3 32. f3 Rd2 33. Rg1 Rb2 34. Ke5 Rxb3 35. Kxf4 Rb4 36. Rc1 Rxa4 37. Kxg3 Rb4 38. c5 a4 39. c6 bxc6 40. Rxc6 h5 41. f4 Kg7 42. Ra6 Rc4 43. Kh4 Rxf4+ 44. Kxh5 Rb4 45. g4 Rb3 46. h4 Rb5+ 47. g5 Rb4 48. Ra7+ Kf8 49. g6 Kg8 50. Kg5 Rc4 51. h5 Kf8 52. Ra8+ Ke7 1-0

[Event "Paracin Open 2022"]
[Site "Paracin"]
[Date "2022.07.11"]
[Round "4.9"]
[White "Ibadov, Dashgyn"]
[Black "Srihari L R"]
[Result "1/2-1/2"]
[ECO "B23"]
[WhiteElo "2262"]
[BlackElo "2431"]
[Annotator "ChessBase"]
[PlyCount "89"]
[EventDate "2022.07.08"]
[EventCountry "SRB"]
[SourceTitle "playchess.com"]
[Source "ChessBase"]
[SourceQuality "1"]
[TimeControl "5400+30"]

1. e4 c5 2. Nc3 e6 3. Nge2 Nc6 4. g3 d5 5. exd5 exd5 6. d4 Bg4 7. Bg2 Nxd4 8. h3 Bf3 9. Kf1 Nf6 10. Bxf3 Nxf3 11. Nf4 Ne5 12. Nfxd5 Nxd5 13. Nxd5 Bd6 14. Kg2 O-O 15. Re1 Nc6 16. Be3 Re8 17. Qd2 Bf8 18. Rad1 Qd6 19. Qd3 Rad8 20. c4 Ne5 21. Qc2 Qc6 22. b3 Ng6 23. Rd2 Re6 24. Qf5 Rde8 25. Kf1 Ne5 26. Red1 g6 27. Qe4 Bg7 28. a4 b6 29. Qg2 h6 30. Nf4 R6e7 31. Qxc6 Nxc6 32. Rd7 Bd4 33. Rxe7 Rxe7 34. Nd5 Rb7 35. Bxh6 a6 36. Re1 b5 37. Re8+ Kh7 38. Bg5 Kg7 39. Ne7 Na5 40. axb5 axb5 41. Rg8+ Kh7 42. Rf8 Kg7 43. Rg8+ Kh7 44. Rf8 Kg7 45. Rg8+ 1/2-1/2

[Event "Paracin Open 2022"]
[Site "Paracin"]
[Date "2022.07.11"]
[Round "4.10"]
[White "Isik, Alparslan"]
[Black "Savic, Miodrag R"]
[Result "1/2-1/2"]
[ECO "E05"]
[WhiteElo "2341"]
[BlackElo "2418"]
[Annotator "ChessBase"]
[PlyCount "39"]
[EventDate "2022.07.08"]
[EventCountry "SRB"]
[SourceTitle "playchess.com"]
[Source "ChessBase"]
[SourceQuality "1"]
[TimeControl "5400+30"]

1. Nf3 Nf6 2. g3 d5 3. Bg2 e6 4. O-O Be7 5. c4 O-O 6. d4 dxc4 7. Qc2 a6 8. a4 Bd7 9. Ne5 Nc6 10. Qxc4 Nd5 11. Nxd7 Na5 12. Qc2 Nb4 13. Qc3 Qxd7 14. Nd2 Rad8 15. Nf3 Nd5 16. Qc2 Nb4 17. Qc3 Nd5 18. Qc2 Nb4 19. Qc3 Nd5 20. Qc2 1/2-1/2

[Event "Paracin Open 2022"]
[Site "Paracin"]
[Date "2022.07.11"]
[Round "4.11"]
[White "Shahil Dey"]
[Black "Erdogmus, Yagiz Kaan"]
[Result "0-1"]
[ECO "B85"]
[WhiteElo "2402"]
[BlackElo "2373"]
[Annotator "ChessBase"]
[PlyCount "94"]
[EventDate "2022.07.08"]
[EventCountry "SRB"]
[SourceTitle "playchess.com"]
[Source "ChessBase"]
[SourceQuality "1"]
[TimeControl "5400+30"]

1. e4 c5 2. Nf3 e6 3. d4 cxd4 4. Nxd4 Nc6 5. Nc3 Qc7 6. Be3 a6 7. Be2 Nf6 8. O-O Be7 9. f4 d6 10. Qe1 O-O 11. Kh1 Nxd4 12. Bxd4 b5 13. Qg3 Bb7 14. a3 Rad8 15. Bd3 Bc6 16. Rf3 Qd7 17. Raf1 Nh5 18. Qg4 Nf6 19. Qh3 e5 20. fxe5 dxe5 21. Bxe5 Qxh3 22. Rxh3 Ng4 23. Bf4 Bc5 24. Rhf3 Bd4 25. h3 Ne5 26. Rg3 Rfe8 27. Bg5 Rd6 28. Bf4 Rdd8 29. Be2 Ng6 30. Bg5 f6 31. Bd2 Be5 32. Rd3 Bxc3 33. Bxc3 Bxe4 34. Rxd8 Rxd8 35. a4 Rd5 36. Rf2 Rg5 37. Bf1 bxa4 38. Bxa6 Rc5 39. Re2 f5 40. Bd3 Nf4 41. Rd2 Bxd3 42. cxd3 a3 43. d4 Rc4 44. Rf2 Nd5 45. Rxf5 a2 46. Rf1 Nxc3 47. Ra1 Rb4 0-1

[Event "Paracin Open 2022"]
[Site "Paracin"]
[Date "2022.07.11"]
[Round "4.12"]
[White "Zemlyanskii, Ivan"]
[Black "Petrov, Nikita"]
[Result "1/2-1/2"]
[ECO "A57"]
[WhiteElo "2269"]
[BlackElo "2558"]
[Annotator "ChessBase"]
[PlyCount "80"]
[EventDate "2022.07.08"]
[EventCountry "SRB"]
[SourceTitle "playchess.com"]
[Source "ChessBase"]
[SourceQuality "1"]
[TimeControl "5400+30"]

1. d4 Nf6 2. c4 c5 3. d5 b5 4. Nf3 b4 5. a3 g6 6. axb4 cxb4 7. g3 Bg7 8. Bg2 O-O 9. O-O a5 10. Be3 d6 11. Nbd2 Nbd7 12. h3 Bb7 13. Nd4 Qc7 14. Nb5 Qb8 15. Qa4 Rc8 16. Nd4 Nc5 17. Qb5 Qc7 18. N2b3 Nxb3 19. Nxb3 Rcb8 20. Bb6 Qc8 21. Nxa5 Nd7 22. Qxb4 Nxb6 23. Qxb6 Bxd5 24. Nc6 Bxc6 25. Qxc6 Qxc6 26. Bxc6 Rxa1 27. Rxa1 Bxb2 28. Ra8 Rxa8 29. Bxa8 Kg7 30. e3 e6 31. Kg2 f5 32. Bb7 Kf6 33. Kf3 g5 34. g4 h6 35. Bc8 Bc3 36. Bd7 Bb4 37. Bc8 Bc3 38. Bd7 Bb4 39. Bc8 Bc3 40. Bd7 Bb4 1/2-1/2

[Event "Paracin Open 2022"]
[Site "Paracin"]
[Date "2022.07.11"]
[Round "4.13"]
[White "Tsaknakis, Zisis"]
[Black "Zanan, Evgeny"]
[Result "1-0"]
[ECO "B97"]
[WhiteElo "2266"]
[BlackElo "2521"]
[Annotator "ChessBase"]
[PlyCount "85"]
[EventDate "2022.07.08"]
[EventCountry "SRB"]
[SourceTitle "playchess.com"]
[Source "ChessBase"]
[SourceQuality "1"]
[TimeControl "5400+30"]

1. e4 c5 2. Nf3 d6 3. d4 cxd4 4. Nxd4 Nf6 5. Nc3 a6 6. Bg5 e6 7. f4 h6 8. Bh4 Qb6 9. Qd2 Qxb2 10. Rb1 Qa3 11. e5 dxe5 12. fxe5 Nfd7 13. Ne4 Qxa2 14. Rd1 Qd5 15. Qe3 Qxe5 16. c3 Bc5 17. Bg3 Qd5 18. Bd6 Bxd6 19. Nb5 Qe5 20. Nbxd6+ Ke7 21. Nc4 Qc7 22. Be2 b5 23. Ncd6 Nf6 24. Qg3 Kf8 25. Nxf6 gxf6 26. Qf3 Nc6 27. Qxf6 Rh7 28. O-O Qe7 29. Qg6 f5 30. Ne4 Qf7 31. Qg3 Bb7 32. Nc5 Rg7 33. Qd6+ Kg8 34. Nxb7 Qxb7 35. Qxe6+ Kh7 36. Bf3 Rc8 37. Rd6 Qa7+ 38. Kh1 Ne7 39. Qxh6+ Kg8 40. Bd5+ Nxd5 41. Qe6+ Qf7 42. Qxc8+ Kh7 43. Rxf5 1-0

[Event "Paracin Open 2022"]
[Site "Paracin"]
[Date "2022.07.11"]
[Round "4.14"]
[White "Gundavaa, Bayarsaikhan"]
[Black "Cilek, Bora"]
[Result "1-0"]
[ECO "E05"]
[WhiteElo "2503"]
[BlackElo "2238"]
[Annotator "ChessBase"]
[PlyCount "75"]
[EventDate "2022.07.08"]
[EventCountry "SRB"]
[SourceTitle "playchess.com"]
[Source "ChessBase"]
[SourceQuality "1"]
[TimeControl "5400+30"]

1. d4 Nf6 2. c4 e6 3. g3 d5 4. Nf3 Be7 5. Bg2 O-O 6. Qc2 dxc4 7. Qxc4 a6 8. Qc2 b5 9. O-O Bb7 10. Bd2 Nc6 11. e3 Nb4 12. Bxb4 Bxb4 13. a3 Bd6 14. Nbd2 Qe7 15. Rac1 Rfc8 16. e4 e5 17. dxe5 Bxe5 18. Bh3 Rd8 19. Nxe5 Qxe5 20. Qxc7 Qxc7 21. Rxc7 Nxe4 22. Rxb7 Nxd2 23. Rc1 Nc4 24. Rc2 g6 25. Bf1 Na5 26. Rb6 Rd4 27. Rc7 Kg7 28. Rc3 Rd7 29. b4 Nb7 30. Rcc6 a5 31. Bxb5 axb4 32. axb4 Ra1+ 33. Kg2 Re7 34. Rc8 Rd1 35. Rc3 Rb1 36. Bc4 Rd7 37. Rd3 Rc7 38. Ba6 1-0

[Event "Paracin Open 2022"]
[Site "Paracin"]
[Date "2022.07.11"]
[Round "4.15"]
[White "Song, Raymond"]
[Black "Mitev, Valentin"]
[Result "1-0"]
[ECO "B80"]
[WhiteElo "2499"]
[BlackElo "2228"]
[Annotator "ChessBase"]
[PlyCount "65"]
[EventDate "2022.07.08"]
[EventCountry "SRB"]
[SourceTitle "playchess.com"]
[Source "ChessBase"]
[SourceQuality "1"]
[TimeControl "5400+30"]

1. e4 c5 2. Nf3 d6 3. d4 cxd4 4. Nxd4 Nf6 5. Nc3 a6 6. Be3 e6 7. a3 b5 8. g4 Bb7 9. Bg2 d5 10. g5 Nxe4 11. Nxe4 dxe4 12. Qg4 Qa5+ 13. c3 Nd7 14. Bxe4 Qc7 15. O-O-O Nc5 16. Bf4 Qb6 17. Bxb7 Qxb7 18. Rhe1 O-O-O 19. b4 Rxd4 20. cxd4 Ne4 21. Kb2 Qd5 22. Qf3 Nd6 23. Qxd5 exd5 24. Kb3 f6 25. Rc1+ Kd7 26. Rc5 Be7 27. gxf6 gxf6 28. Rxd5 Rg8 29. Bg3 Rg4 30. h3 Rg8 31. a4 bxa4+ 32. Kxa4 Rd8 33. Rxe7+ 1-0

[Event "Paracin Open 2022"]
[Site "Paracin"]
[Date "2022.07.11"]
[Round "4.16"]
[White "Ojas Kulkarni"]
[Black "Makhnev, Denis"]
[Result "0-1"]
[ECO "D27"]
[WhiteElo "2244"]
[BlackElo "2492"]
[Annotator "ChessBase"]
[PlyCount "66"]
[EventDate "2022.07.08"]
[EventCountry "SRB"]
[SourceTitle "playchess.com"]
[Source "ChessBase"]
[SourceQuality "1"]
[TimeControl "5400+30"]

1. d4 d5 2. c4 dxc4 3. e3 e6 4. Bxc4 Nf6 5. Nf3 c5 6. O-O a6 7. a4 Nc6 8. Qe2 cxd4 9. Rd1 Be7 10. Nc3 O-O 11. Nxd4 Qc7 12. Nxc6 Qxc6 13. e4 b6 14. Bg5 h6 15. Nd5 exd5 16. Bxd5 Bg4 17. Qe1 Qe8 18. Bxf6 Bxf6 19. f3 Be6 20. Bxa8 Qxa8 21. Qb4 Qb8 22. g3 a5 23. Qb5 Be7 24. Rac1 Bc5+ 25. Kg2 Qe5 26. Rc2 f5 27. Re2 fxe4 28. Rxe4 Qh5 29. g4 Qf7 30. Qd3 Kh8 31. Re5 Qf6 32. Rde1 Bc4 33. Qe4 Bd6 0-1

[Event "Paracin Open 2022"]
[Site "Paracin"]
[Date "2022.07.11"]
[Round "4.17"]
[White "Ristic, Luka"]
[Black "Aditya Mittal"]
[Result "0-1"]
[ECO "B23"]
[WhiteElo "2243"]
[BlackElo "2480"]
[Annotator "ChessBase"]
[PlyCount "54"]
[EventDate "2022.07.08"]
[EventCountry "SRB"]
[SourceTitle "playchess.com"]
[Source "ChessBase"]
[SourceQuality "1"]
[TimeControl "5400+30"]

1. e4 c5 2. Nc3 d6 3. d4 cxd4 4. Qxd4 Nc6 5. Qd2 g6 6. b3 Bh6 7. f4 f5 8. Bb2 Nf6 9. O-O-O fxe4 10. Nge2 Be6 11. Nxe4 Nxe4 12. Qe3 Rf8 13. Qxe4 Bf5 14. Qe3 Rc8 15. Kb1 Qa5 16. a3 Bxc2+ 17. Kc1 Ne5 18. Bc3 Bxd1 19. Kxd1 Qd5+ 20. Kc2 Ng4 21. Qh3 Qf5+ 22. Kb2 Nf2 23. Qxh6 Nd1+ 24. Ka1 Nxc3 25. Nxc3 Rxc3 26. Bc4 Qxf4 27. Qxh7 Rc1+ 0-1

[Event "Paracin Open 2022"]
[Site "Paracin"]
[Date "2022.07.11"]
[Round "4.18"]
[White "Durak, Can"]
[Black "Nitish Belurkar"]
[Result "0-1"]
[ECO "E51"]
[WhiteElo "2221"]
[BlackElo "2460"]
[Annotator "ChessBase"]
[PlyCount "103"]
[EventDate "2022.07.08"]
[EventCountry "SRB"]
[SourceTitle "playchess.com"]
[Source "ChessBase"]
[SourceQuality "1"]
[TimeControl "5400+30"]

1. d4 Nf6 2. c4 e6 3. Nc3 Bb4 4. e3 O-O 5. Bd2 d5 6. Nf3 b6 7. Rc1 Bb7 8. cxd5 exd5 9. Be2 Re8 10. Ne5 Bf8 11. O-O c5 12. f4 Nc6 13. Bb5 Qd6 14. Qa4 Rec8 15. Be1 a6 16. Bxc6 Bxc6 17. Nxc6 b5 18. Qd1 Qxc6 19. dxc5 Bxc5 20. Bf2 Qe6 21. Qf3 Ne4 22. Rfd1 Bb4 23. Be1 Bxc3 24. Bxc3 Rc4 25. Bd4 Rac8 26. Qf1 Rc2 27. Rxc2 Rxc2 28. Rc1 Nd2 29. Rxc2 Nxf1 30. Kxf1 h6 31. a3 Qd7 32. h3 g5 33. fxg5 hxg5 34. Rf2 f5 35. g3 f4 36. gxf4 Qxh3+ 37. Kg1 g4 38. Rh2 Qg3+ 39. Rg2 Qe1+ 40. Kh2 Qh4+ 41. Kg1 Kf7 42. f5 g3 43. Rd2 Qe4 44. f6 Qf3 45. Bc3 Qxe3+ 46. Kg2 d4 47. Rxd4 Qf2+ 48. Kh3 Qh2+ 49. Kg4 g2 50. Rd7+ Ke6 51. Re7+ Kd5 52. Rd7+ 0-1

[Event "Paracin Open 2022"]
[Site "Paracin"]
[Date "2022.07.11"]
[Round "4.19"]
[White "Agmanov, Zhandos"]
[Black "Kecskemeti, Arpad"]
[Result "1-0"]
[ECO "E73"]
[WhiteElo "2459"]
[BlackElo "2210"]
[Annotator "ChessBase"]
[PlyCount "47"]
[EventDate "2022.07.08"]
[EventCountry "SRB"]
[SourceTitle "playchess.com"]
[Source "ChessBase"]
[SourceQuality "1"]
[TimeControl "5400+30"]

1. d4 Nf6 2. c4 g6 3. Nc3 Bg7 4. e4 d6 5. Be2 O-O 6. Be3 Nbd7 7. Qc2 c6 8. h3 a6 9. Nf3 b5 10. a3 Qc7 11. Rc1 Bb7 12. O-O Rac8 13. Rfd1 Rfd8 14. Qb1 Qb8 15. b4 e5 16. dxe5 dxe5 17. Qb3 Nf8 18. Ng5 Rxd1+ 19. Rxd1 Qc7 20. Bc5 Ne8 21. cxb5 axb5 22. Bg4 h6 23. Bxf8 Bxf8 24. Nxf7 1-0

[Event "Paracin Open 2022"]
[Site "Paracin"]
[Date "2022.07.11"]
[Round "4.20"]
[White "Zajic, Milan"]
[Black "Granovskiy, Alexandr"]
[Result "1-0"]
[ECO "B45"]
[WhiteElo "2431"]
[BlackElo "2177"]
[Annotator "ChessBase"]
[PlyCount "85"]
[EventDate "2022.07.08"]
[EventCountry "SRB"]
[SourceTitle "playchess.com"]
[Source "ChessBase"]
[SourceQuality "1"]
[TimeControl "5400+30"]

1. e4 c5 2. Nf3 e6 3. d4 cxd4 4. Nxd4 Nf6 5. Nc3 Nc6 6. Ndb5 Bc5 7. Bf4 O-O 8. Bc7 Qe7 9. Bd6 Bxd6 10. Qxd6 Qd8 11. O-O-O a6 12. Nd4 Ne7 13. g4 b5 14. Bd3 Bb7 15. Rhe1 Ng6 16. f3 Qb8 17. Qg3 Qxg3 18. hxg3 d6 19. g5 Nd7 20. a3 Rad8 21. Rd2 Nge5 22. Bf1 Nc4 23. Bxc4 bxc4 24. Red1 Ne5 25. Re2 Rfe8 26. Rh1 Ng6 27. Rd1 Ne5 28. Red2 f6 29. gxf6 gxf6 30. f4 Ng4 31. f5 Bc8 32. fxe6 Bxe6 33. Nc6 Rd7 34. Rxd6 Rxd6 35. Rxd6 Bc8 36. Kd2 Kf7 37. Rd4 Rg8 38. Rxc4 Nh2 39. Nd4 Nf1+ 40. Ke1 Nxg3 41. Nd5 Re8 42. Rc7+ Kf8 43. Nxf6 1-0